Map: Abyssal Reef LE

Players

SamuraiFunn - Winner!

  • Race: Protoss Protoss
  • Spawn Location: 11:00

A.I. 1 (Harder)

  • Race: Zerg Zerg
  • Spawn Location: 5:00

VOD

Have the link to the VOD?

Description

Time

  • Played on: Oct. 28, 2017, 3:59 p.m.
  • Length: 13:11
Show
View Real Time Build Order
Export as new Build Order

SamuraiFunn Protoss - Winner!

Build Orders:  

Get SALT Encoding   

  12  0:01  Probe (Chrono Boost)  
  13  0:12  Probe (Chrono Boost)  
  14  0:18  Pylon  
  14  0:22  Probe (Chrono Boost)  
  15  0:38  Gateway  
  15  0:39  Probe (Chrono Boost)  
  16  0:50  Probe (Chrono Boost), Assimilator  
  17  1:00  Probe (Chrono Boost)  
  18  1:06  Gateway  
  18  1:13  Pylon  
  18  1:19  Probe (Chrono Boost)  
  18  1:22  Assimilator  
  19  1:29  Probe (Chrono Boost)  
  19  1:32  Zealot  
  22  1:46  Forge  
  22  1:51  Cybernetics Core  
  22  1:54  Probe (Chrono Boost)  
  23  2:02  Zealot  
  25  2:13  Probe (Chrono Boost)  
  26  2:25  Pylon  
  26  2:33  Zealot  
  26  2:35  Stalker  
  30  2:37  Pylon  
  30  2:47  Gateway  
  30  3:00  Stalker  
  32  3:07  Twilight Council  
  32  3:11  Gateway  
  32  3:38  Nexus  
  32  4:02  Probe (Chrono Boost)  
  33  4:10  Stalker  
  33  4:11  Stalker  
  33  4:13  Probe (Chrono Boost)  
  38  4:17  Protoss Ground Weapons Level 1  
  38  4:21  Charge  
  38  4:23  Probe (Chrono Boost)  
  39  4:25  Zealot  
  41  4:34  Probe (Chrono Boost)  
  41  4:35  Pylon  
  42  4:42  Stalker  
  42  4:44  Probe (Chrono Boost)  
  45  4:56  Probe (Chrono Boost)  
  46  5:07  Probe (Chrono Boost), Pylon  
  47  5:18  Probe (Chrono Boost)  
  48  5:32  Zealot x3  
  48  5:33  Stalker  
  56  5:39  Probe (Chrono Boost)  
  57  5:47  Gateway  
  58  5:50  Probe (Chrono Boost)  
  58  6:00  Probe (Chrono Boost)  
  59  6:08  Probe (Chrono Boost)  
  59  6:11  Probe (Chrono Boost)  
  61  6:15  Nexus  
  61  6:17  Stalker  
  63  6:19  Probe (Chrono Boost)  
  63  6:21  Probe (Chrono Boost)  
  65  6:29  Probe (Chrono Boost)  
  65  6:31  Pylon  
  65  6:32  Probe (Chrono Boost)  
  68  6:40  Probe (Chrono Boost)  
  68  6:42  Protoss Ground Weapons Level 2  
  68  6:46  Blink  
  68  6:49  Stalker  
  70  6:58  Pylon  
  70  6:59  Stalker  
  72  7:09  Stalker  
  72  7:10  Stalker  
  76  7:29  Pylon  
  76  7:42  Zealot x3  
  76  7:43  Stalker x2  
  86  7:50  Pylon  
  86  7:58  Robotics Facility  
  86  8:06  Assimilator  
  86  8:09  Assimilator  
  86  8:27  Stalker x5  
  96  8:57  Zealot x2, Stalker  
  96  8:58  Protoss Ground Armor Level 1  
  86  9:43  Photon Cannon  
  86  9:44  Photon Cannon  
  86  9:45  Photon Cannon  
  86  9:46  Photon Cannon x2  
  86  9:48  Photon Cannon  
  86  9:49  Photon Cannon  
  80  9:56  Photon Cannon  
  69  10:23  Pylon  
  69  10:27  Pylon  
  66  10:33  Immortal  
  70  10:37  Stalker x2  
  70  10:38  Stalker x2  
  78  10:52  Protoss Shields Level 1  
  78  11:13  Immortal  
  78  11:14  Stalker x2  
  86  11:27  Stalker  
  78  11:48  Stalker x3  
  84  12:12  Probe (Chrono Boost)  
  85  12:23  Probe (Chrono Boost)  
  85  12:26  Pylon  
Show
View Real Time Build Order
Export as new Build Order

A.I. 1 (Harder) Zerg 

Build Orders: Pool First 

Get SALT Encoding   

  12  0:01  Drone  
  13  0:12  Overlord  
  13  0:17  Drone  
  14  0:31  Drone x2  
  16  0:42  Spawning Pool  
  15  0:45  Drone  
  15  0:48  Drone  
  17  0:52  Extractor  
  17  0:56  Drone  
  17  1:06  Overlord  
  17  1:29  Queen  
  17  1:31  Zergling x2  
  20  1:34  Zergling x2  
  20  1:36  Roach Warren  
  20  1:38  Drone  
  21  1:42  Extractor  
  20  1:49  Drone  
  21  2:00  Zergling x2  
  22  2:11  Lair, Drone  
  23  2:26  Drone  
  24  2:34  Overlord  
  24  2:39  Drone  
  25  2:51  Zergling x2  
  26  3:03  Zergling x2  
  27  3:07  Zergling x2  
  27  3:10  Drone, Infestation Pit  
  28  3:14  Overlord  
  28  3:32  Metabolic Boost  
  28  3:39  Drone  
  29  3:42  Drone  
  29  3:46  Drone, Infestor  
  33  3:49  Infestor  
  33  3:50  Drone  
  36  3:58  Drone  
  37  4:08  Infestor  
  39  4:10  Evolution Chamber  
  39  4:11  Drone x2, Overlord  
  40  4:28  Infestor  
  42  4:41  Baneling Nest  
  42  4:42  Drone  
  42  4:43  Roach  
  44  4:50  Roach  
  46  4:58  Overlord  
  46  5:09  Hydralisk Den, Drone  
  46  5:18  Drone, Hatchery  
  46  5:20  Roach  
  47  5:27  Roach  
  47  5:33  Roach  
  49  5:39  Hydralisk  
  51  5:45  Hydralisk  
  53  5:52  Hydralisk  
  55  6:07  Zerg Melee Weapons Level 1  
  55  6:31  Drone x4  
  55  6:32  Drone x2, Overlord  
  61  6:40  Drone, Extractor  
  61  6:42  Drone, Extractor  
  61  6:50  Drone  
  61  6:51  Drone x3  
  66  6:54  Drone  
  66  7:01  Drone  
  66  7:05  Drone  
  68  7:10  Burrow  
  68  7:12  Overlord  
  69  7:15  Drone  
  69  7:22  Drone, Roach  
  72  7:28  Roach  
  74  7:30  Drone, Overlord  
  74  7:34  Drone  
  76  7:38  Drone  
  77  7:44  Drone  
  77  7:49  Drone  
  79  7:53  Drone, Roach, Overlord  
  79  7:55  Drone  
  83  8:00  Drone  
  83  8:02  Zerg Missile Weapons Level 1, Overseer x2  
  83  8:05  Hydralisk  
  84  8:06  Spore Crawler  
  84  8:10  Spore Crawler  
  84  8:11  Drone  
  85  8:16  Overlord  
  85  8:17  Spore Crawler  
  84  8:20  Spore Crawler  
  84  8:21  Drone  
  84  8:25  Hydralisk, Queen  
  88  8:30  Queen  
  88  8:32  Roach  
  92  8:36  Spine Crawler, Roach  
  92  8:38  Hydralisk  
  92  8:39  Evolution Chamber  
  92  8:40  Infestor  
  94  8:46  Hatchery  
  93  8:57  Roach  
  93  8:59  Zergling x2  
  93  9:01  Pneumatized Carapace  
  82  9:03  Roach  
  82  9:06  Roach  
  74  9:10  Roach  
  74  9:11  Overseer  
  74  9:14  Drone, Roach  
  45  9:39  Hatchery  
  31  10:19  Drone x2  
  28  10:22  Drone x2  
  28  10:23  Zergling x2  
  23  10:47  Overlord  
  20  11:05  Drone  
  20  11:06  Drone  
  22  11:15  Roach  
  22  11:27  Roach  
  16  11:45  Drone  
  3  12:06  Drone  
  4  12:23  Drone  
Tags
 
Matchup
PvZ
Opening
Pool First
Replay Pack
First 100 games
Spawn Locations
Cross Positions
Add a new tag
Caveats
  • Supply blocks, unpowered buildings, or Contaminate may cause inaccurate times.
  • Supply counts are checked every 10 seconds.